 Dungeon Crawl Stone Soup version 0.28.0-43-g3370ac3207 (webtiles) character file.

Game seed: 13132241061436003164

16977 fknight the Spear-Bearer (level 12, -7/145 HPs)
             Began as a Gnoll Berserker on Mar 13, 2022.
             Was a Priest of Trog.
             Mangled by a 14-headed hydra (9 damage)
             ... on level 1 of the Lair of Beasts.
             The game lasted 01:09:58 (18668 turns).

fknight the Spear-Bearer (Gnoll Berserker)         Turns: 18668, Time: 01:09:58

Health: -7/145     AC: 24    Str: 20    XL:     12   Next: 43%
Magic:  22/22      EV: 10    Int:  6    God:    Trog [***...]
Gold:   657        SH:  5    Dex: 16    Spells: 25/25 levels left

rFire   . . .      SeeInvis .   T - +1 glaive
rCold   . . .      Faith    .   (shield currently unavailable)
rNeg    . . .      Spirit   .   U - +0 plate armour
rPois   .          Reflect  +   S - +0 hat
rElec   .          Harm     .   I - +2 cloak {rCorr}
rCorr   +          Rampage  .   i - +0 pair of gloves
Will    .....                   O - +0 pair of boots
Stlth   ..........              d - amulet of reflection
HPRegen 0.34/turn               o - +4 ring of protection
MPRegen 0.18/turn               (no ring)

@: berserking (expiring), lethally poisoned (-7 -> -33), very quick
A: fangs 1, strong nose, distributed training, strong 1
a: Renounce Religion, Berserk, Trog's Hand


You were on level 1 of the Lair of Beasts.
You worshipped Trog.
Trog was most pleased with you.
You visited 2 branches of the dungeon, and saw 12 of its levels.
You also visited: Ossuary.

You collected 877 gold pieces.
You spent 220 gold pieces at shops.

Inventory:

Hand Weapons
 h - a +4 mace
 p - a +1 falchion of protection
 s - a +4 flail
 w - a +0 hunting sling
 y - a +2 trident
 D - a +2 short sword of protection
 K - a +4 quarterstaff of chaos
 M - a +1 mace of protection
 T - a +1 glaive (weapon)
 V - a +4 double sword
 W - a +1 spear of freezing
 X - a +2 spear of distortion
Missiles
 e - 6 atropa-tipped darts
 j - 41 sling bullets
 r - 7 boomerangs
 C - 9 javelins
 N - a curare-tipped dart
 P - 20 poisoned darts (quivered)
 Q - a throwing net
Armour
 i - a +0 pair of gloves (worn)
 z - a +2 ring mail of fire resistance
 B - a +1 troll leather armour {Snorg}
 G - a +2 robe of positive energy
 I - a +2 cloak of preservation (worn)
 L - a +2 cloak of stealth
 O - a +0 pair of boots (worn)
 S - a +0 hat (worn)
 U - a +0 plate armour (worn)
Jewellery
 d - an amulet of reflection (around neck)
 l - a ring of ice
 o - a +4 ring of protection (left hand)
 F - an amulet of the acrobat
Wands
 n - a wand of digging (6)
 E - a wand of paralysis (11)
 H - a wand of flame (26)
Scrolls
 m - a scroll of magic mapping
 t - a scroll of blinking
 x - a scroll of teleportation
 A - a scroll of fog
 R - a scroll of holy word
 Y - a scroll of fear
 Z - a scroll of brand weapon {unknown}
Potions
 a - a potion of flight
 b - a potion of invisibility
 c - 4 potions of haste
 f - 3 potions of berserk rage
 g - 3 potions of cancellation
 k - 4 potions of curing
 q - a potion of resistance {unknown}
 u - 3 potions of heal wounds
 v - a potion of might
 J - 3 potions of ambrosia


   Skills:
 + Level 9.9 Fighting
 + Level 7.3 Short Blades
 + Level 7.3 Long Blades
 + Level 7.3 Axes
 + Level 7.3 Maces & Flails
 + Level 9.9 Polearms
 + Level 7.3 Staves
 + Level 7.3 Slings
 + Level 7.3 Bows
 + Level 7.3 Crossbows
 + Level 7.3 Throwing
 + Level 8.7 Armour
 + Level 8.7 Dodging
 + Level 7.3 Stealth
 + Level 7.3 Shields
 + Level 7.3 Unarmed Combat
 + Level 7.3 Spellcasting
 + Level 6.0 Conjurations
 + Level 6.0 Hexes
 + Level 6.0 Summonings
 + Level 6.0 Necromancy
 + Level 6.0 Translocations
 + Level 6.0 Transmutations
 + Level 6.0 Fire Magic
 + Level 6.0 Ice Magic
 + Level 6.0 Air Magic
 + Level 6.0 Earth Magic
 + Level 6.0 Poison Magic
 + Level 8.0 Invocations
 + Level 7.3 Evocations


You had 25 spell levels left.
You didn't know any spells.
Your spell library was empty.

Dungeon Overview and Level Annotations

Branches:
Dungeon (11/15)            Temple (0/1) D:4            Lair (1/6) D:10
    Orc (0/2) D:11        Ossuary (visited)

Altars:
Kikubaaqudgha

Shops:
D:3 !

Portals:
Trove: D:11 (give +6 demon trident)

Annotations:
D:4 2 transporters, Fangowolf's ghost, novice PaFi
D:11 4 runed translucent doors


Innate Abilities, Weirdness & Mutations

You have very sharp teeth.
Your uncanny sense of smell can sniff out nearby items.
Your experience applies equally to all skills.
Your muscles are strong. (Str +2)


Message History

You feel very sick. The cane toad stings you!
* * * LOW HITPOINT WARNING * * *
Unknown command.
You lop one of the 12-headed hydra's heads off!
The 11-headed hydra grows two more!
You slash the 13-headed hydra!
The 13-headed hydra is almost dead.
You feel very sick. You block the cane toad's attack.
The 13-headed hydra misses you.
The 13-headed hydra bites you but does no damage.
The 13-headed hydra bites you.
* * * LOW HITPOINT WARNING * * *
The 13-headed hydra bites you but does no damage.
You block the 13-headed hydra's attack.
The 13-headed hydra bites you but does no damage.
The 13-headed hydra completely misses you.
The 13-headed hydra bites you.
* * * LOW HITPOINT WARNING * * *
The 13-headed hydra bites you!
* * * LOW HITPOINT WARNING * * *
The 13-headed hydra bites you.
* * * LOW HITPOINT WARNING * * *
The 13-headed hydra completely misses you.
The 13-headed hydra bites you but does no damage. x2
The cane toad stings you!
* * * LOW HITPOINT WARNING * * *
You are more poisoned.
The cane toad poisons you!
You slice one of the 13-headed hydra's heads off!
The 12-headed hydra grows two more!
You slash the 14-headed hydra! You bite the 14-headed hydra!
The 14-headed hydra is almost dead.
* * * LOW HITPOINT WARNING * * *
You feel very sick. The 14-headed hydra closely misses you.
The 14-headed hydra bites you but does no damage. x3
The 14-headed hydra closely misses you.
The 14-headed hydra bites you but does no damage. x2
The 14-headed hydra bites you!
You die...

P..... ...... .......∆
..... #..... .#.##...
..?..# .##. ........
...:. .. .... .. .#.#
##### .P# #.###..#
##.####..# #.....##
........# #.PFD.P#
..####..## #..@P# ..#
#..P# #.#.## .## #†..#
##.#..## .#####.>##
#..#.#.##..
.....#..######......)...
.P##.............#####..
.####....#..P#####
.##^##..#######
...............


You could see a 14-headed hydra and a cane toad.

Vanquished Creatures
  Gastronok (D:8)
  Snorg (D:11)
  Josephine (D:10)
  A boulder beetle (D:11)
  Harold (D:7)
  A hydra (Lair:1)
  A two-headed ogre (D:10)
  Urug (D:11)
  Pikel (D:5)
  A cyclops (D:11)
  Maurice (D:9)
  A komodo dragon (D:10)
  Psyche (D:10)
  An unseen horror (D:11)
  A kobold demonologist (D:11)
  2 trolls
  4 wraiths (D:10)
  3 yaks (D:5)
  Sigmund (D:2)
  Grum (D:8)
  2 steam dragons
  3 wargs (D:11)
  Duvessa (D:5)
  3 water moccasins
  2 ice beasts
  A hornet zombie (D:7)
  6 orc warriors
  3 sky beasts
  A black bear (D:4)
  An ogre (D:5)
  3 centaurs
  4 wolves (D:8)
  2 phantoms (D:6)
  3 kobold brigands
  A lemure (D:5)
  8 bullfrogs
  A gnoll sergeant (D:8)
  Dowan (D:5)
  A wyvern skeleton (D:7)
  A water moccasin skeleton (D:6)
  30 killer bees
  8 wights
  A howler monkey (D:5)
  An electric eel (D:9)
  4 centaur zombies
  A bullfrog zombie (D:4)
  4 jellies
  2 bullfrog skeletons
  A gnoll shaman (D:3)
  3 orc priests
  Crazy Yiuf (D:5)
  A hound (D:5)
  2 centaur skeletons
  5 iguanas
  Ijyb (D:5)
  13 orc wizards
  A killer bee zombie (D:8)
  9 mummies
  4 howler monkey zombies
  8 gnolls
  4 adders
  A howler monkey skeleton (D:7)
  2 shadow imps
  A white imp (D:7)
  An ufetubus (D:5)
  2 worms (D:2)
  A dart slug (D:1)
  41 orcs
  3 giant cockroaches
  5 goblins
  A hobgoblin (D:3)
  8 jackals
  17 kobolds
  2 quokkas
  2 ball pythons (D:1)
  9 bats
  3 frilled lizards
  2 gnoll zombies (Ossuary)
  A hobgoblin zombie (Ossuary)
  3 kobold zombies (Ossuary)
  2 orc zombies (Ossuary)
  A rat (D:1)
286 creatures vanquished.

Vanquished Creatures (others)
  A human (D:5)
  93 plants
94 creatures vanquished.

Grand Total: 380 creatures vanquished

Notes
Turn   | Place    | Note
-------+----------+-------------------------------------------
     0 | D:1      | fknight the Gnoll Berserker began the quest for the Orb.
     0 | D:1      | Reached XP level 1. HP: 23/23 MP: 1/1
   246 | D:1      | Found a faded altar of an unknown god.
   280 | D:1      | Reached XP level 2. HP: 29/29 MP: 2/2
   868 | D:2      | Reached XP level 3. HP: 13/35 MP: 3/3
  1086 | D:2      | Noticed Sigmund
  1103 | D:2      | Killed Sigmund
  1104 | D:2      | Reached skill level 1 in Short Blades
  1104 | D:2      | Reached skill level 1 in Long Blades
  1104 | D:2      | Reached skill level 1 in Axes
  1104 | D:2      | Reached skill level 1 in Maces & Flails
  1104 | D:2      | Reached skill level 1 in Staves
  1104 | D:2      | Reached skill level 1 in Slings
  1104 | D:2      | Reached skill level 1 in Bows
  1104 | D:2      | Reached skill level 1 in Crossbows
  1104 | D:2      | Reached skill level 1 in Throwing
  1104 | D:2      | Reached skill level 1 in Stealth
  1104 | D:2      | Reached skill level 1 in Shields
  1104 | D:2      | Reached skill level 1 in Unarmed Combat
  1104 | D:2      | Reached skill level 1 in Spellcasting
  1104 | D:2      | Reached skill level 1 in Conjurations
  1104 | D:2      | Reached skill level 1 in Hexes
  1104 | D:2      | Reached skill level 1 in Summonings
  1104 | D:2      | Reached skill level 1 in Necromancy
  1104 | D:2      | Reached skill level 1 in Translocations
  1104 | D:2      | Reached skill level 1 in Transmutations
  1104 | D:2      | Reached skill level 1 in Fire Magic
  1104 | D:2      | Reached skill level 1 in Ice Magic
  1104 | D:2      | Reached skill level 1 in Air Magic
  1104 | D:2      | Reached skill level 1 in Earth Magic
  1104 | D:2      | Reached skill level 1 in Poison Magic
  1104 | D:2      | Reached skill level 1 in Invocations
  1104 | D:2      | Reached skill level 1 in Evocations
  1104 | D:2      | Reached XP level 4. HP: 41/41 MP: 3/6
  1104 | D:2      | Reached XP level 5. HP: 47/47 MP: 3/7
  1567 | D:2      | Reached XP level 6. HP: 53/53 MP: 8/8
  1964 | D:3      | Reached skill level 5 in Armour
  1964 | D:3      | Reached skill level 5 in Dodging
  2097 | D:3      | Reached ** piety under Trog
  2997 | D:3      | Found Koci's Distillery.
  3024 | D:3      | Bought a potion of heal wounds for 50 gold pieces
  3024 | D:3      | Bought a potion of might for 40 gold pieces
  3024 | D:3      | Bought a potion of heal wounds for 50 gold pieces
  3121 | D:3      | Reached XP level 7. HP: 6/59 MP: 10/10
  3123 | D:3      | HP: 4/88 [orc priest/+0 mace (6)]
  3559 | D:4      | Found a staircase to the Ecumenical Temple.
  3993 | D:4      | Found a sand-covered staircase.
  4012 | Ossuary  | Entered an ossuary
  4563 | D:4      | Found a transporter.
  4655 | D:4      | Found a transporter.
  4658 | D:4      | Noticed Fangowolf's ghost (novice PaFi)
  4708 | D:4      | Reached XP level 8. HP: 65/67 MP: 12/12
  4986 | D:5      | Entered Level 5 of the Dungeon
  4986 | D:5      | Noticed Duvessa
  4987 | D:5      | Noticed Dowan
  5091 | D:5      | Killed Duvessa
  5094 | D:5      | Killed Dowan
  5282 | D:5      | Reached *** piety under Trog
  5347 | D:5      | Noticed Pikel
  5360 | D:5      | Killed Pikel
  5361 | D:5      | Reached XP level 9. HP: 72/72 MP: 12/14
  5824 | D:5      | Noticed Ijyb
  5833 | D:5      | Killed Ijyb
  6299 | D:5      | Found a runed translucent door.
  6300 | D:5      | Noticed Crazy Yiuf
  6311 | D:5      | Killed Crazy Yiuf
  6715 | D:5      | Found an ancient bone altar of Kikubaaqudgha.
  7172 | D:3      | Bought a potion of might for 40 gold pieces
  7172 | D:3      | Bought a potion of might for 40 gold pieces
  7173 | D:3      | Gained mutation: You are robust. (+10% HP) [potion of
                  | mutation]
  7173 | D:3      | Gained mutation: You have sharp fingernails. [potion of
                  | mutation]
  7173 | D:3      | Gained mutation: Your spells are a little harder to cast,
                  | but a little more powerful. [potion of mutation]
  7174 | D:3      | Lost mutation: Your spells are a little harder to cast, but
                  | a little more powerful. [potion of mutation]
  7174 | D:3      | Lost mutation: You have sharp fingernails. [potion of
                  | mutation]
  7174 | D:3      | Lost mutation: You are robust. (+10% HP) [potion of
                  | mutation]
  7174 | D:3      | Gained mutation: Your muscles are strong. (Str +2) [potion
                  | of mutation]
  8176 | D:6      | Reached skill level 5 in Invocations
  8630 | D:7      | Reached XP level 10. HP: 61/80 MP: 17/17
  9011 | D:7      | Reached skill level 5 in Short Blades
  9011 | D:7      | Reached skill level 5 in Long Blades
  9011 | D:7      | Reached skill level 5 in Axes
  9011 | D:7      | Reached skill level 5 in Maces & Flails
  9011 | D:7      | Reached skill level 5 in Staves
  9011 | D:7      | Reached skill level 5 in Slings
  9011 | D:7      | Reached skill level 5 in Bows
  9011 | D:7      | Reached skill level 5 in Crossbows
  9011 | D:7      | Reached skill level 5 in Throwing
  9011 | D:7      | Reached skill level 5 in Stealth
  9011 | D:7      | Reached skill level 5 in Shields
  9011 | D:7      | Reached skill level 5 in Unarmed Combat
  9011 | D:7      | Reached skill level 5 in Spellcasting
  9011 | D:7      | Reached skill level 5 in Evocations
  9241 | D:7      | Noticed Harold
  9250 | D:7      | Killed Harold
  9758 | D:8      | Noticed Gastronok
  9777 | D:8      | Killed Gastronok
  9998 | D:8      | Noticed Grum
 10084 | D:8      | Killed Grum
 10115 | D:8      | Reached XP level 11. HP: 49/87 MP: 19/19
 10845 | D:8      | Reached skill level 5 in Conjurations
 10845 | D:8      | Reached skill level 5 in Hexes
 10845 | D:8      | Reached skill level 5 in Summonings
 10845 | D:8      | Reached skill level 5 in Necromancy
 10845 | D:8      | Reached skill level 5 in Translocations
 10845 | D:8      | Reached skill level 5 in Transmutations
 10845 | D:8      | Reached skill level 5 in Fire Magic
 10845 | D:8      | Reached skill level 5 in Ice Magic
 10845 | D:8      | Reached skill level 5 in Air Magic
 10845 | D:8      | Reached skill level 5 in Earth Magic
 10845 | D:8      | Reached skill level 5 in Poison Magic
 11117 | D:8      | Reached **** piety under Trog
 13488 | D:9      | Noticed Maurice
 13498 | D:9      | Killed Maurice
 13793 | D:10     | Entered Level 10 of the Dungeon
 13931 | D:10     | Found a staircase to the Lair.
 14488 | D:10     | Noticed a two-headed ogre
 14499 | D:10     | Killed a two-headed ogre
 14640 | D:10     | Noticed Psyche
 14644 | D:10     | Killed Psyche
 14687 | D:10     | Noticed Josephine
 14705 | D:10     | Killed Josephine
 15617 | D:11     | Noticed Snorg
 15633 | D:11     | Killed Snorg
 15634 | D:11     | Reached XP level 12. HP: 69/96 MP: 22/22
 16054 | D:11     | Found a portal to a secret trove of treasure.
 16482 | D:11     | Found a huge runed translucent gate.
 16482 | D:11     | Found a huge runed translucent gate.
 16482 | D:11     | Found a huge runed translucent gate.
 16482 | D:11     | Found a huge runed translucent gate.
 17032 | D:11     | Found a staircase to the Orcish Mines.
 17166 | D:11     | Noticed a boulder beetle
 17176 | D:11     | Killed a boulder beetle
 17364 | D:11     | Identified the +2 robe of Wimighai {rF++ rC- Str+4}
 17366 | D:11     | Noticed Urug
 17376 | D:11     | Killed Urug
 18444 | Lair:1   | Entered Level 1 of the Lair of Beasts
 18511 | Lair:1   | Noticed a four-headed hydra
 18520 | Lair:1   | Killed an eight-headed hydra
 18652 | Lair:1   | Noticed a five-headed hydra
 18667 | Lair:1   | HP: 7/145 [cane toad (13)]
 18668 | Lair:1   | HP: 2/145 [poisoned by a cane toad]
 18668 | Lair:1   | Mangled by a 14-headed hydra

Illustrated notes

Levels and vault maps discovered:
D:1:      saegor_arrival_simple_a, layout_loops_ring,
          hellmonk_ecumenical_altar_zigzags, minivault_23
D:2:      layout_rooms, kennysheep_generic_room_6, uniq_sigmund
D:3:      layout_rooms, serial_shops, nicolae_square_shop, minivault_25
D:4:      layout_cave_pools, minmay_temple_entry_arrows,
          gup_ossuary_entry_pyramid, gammafunk_ghost_mausoleum,
          minmay_small_thing
D:5:      cheibrodos_helix_gallery, layout_layer_cave, tgw_kikubaaqudgha,
          kennysheep_pointless_box, columned_hall_lemuel,
          hangedman_decor_slide_cut, uniq_ijyb, uniq_duvessa,
          uniq_crazy_yiuf_cottage, uniq_pikel
D:6:      layout_gridville
D:7:      layout_loops_cross, uniq_harold
D:8:      layout_basic, serial_co_window_serial, co_window_of_opportunity_a,
          co_window_of_opportunity_a, co_window_of_opportunity_a,
          co_window_paths_a, co_window_paths_a, co_window_broadway_c,
          co_window_broadway_b, co_window_cross_2, co_window_corner_cb,
          co_window_4corner_a, co_window_paths_d, glass_columns_b,
          glass_columns_a, glass_columns_a, chequers_hall_statues_wall_a,
          minmay_bent, uniq_grum, uniq_gastronok
D:9:      layout_gridville, serial_bayou_lagoon_a, uniq_maurice
D:10:     layout_loops_ring, david_lair_shrubbed, uniq_psyche, uniq_josephine
D:11:     lemuel_bear_cage, layout_basic, minmay_orc_entry_guard_dogs,
          trove_entry_hex_spiral, uniq_urug, uniq_snorg
Lair:1:   layout_loops_ring, hangedman_lair_unloving_vines

Skill      XL: |  1  2  3  4  5  6  7  8  9 10 11 12 |
---------------+-------------------------------------+-----
Short Blades   | 1 2 3 4 5 6 7 |  7.3
Long Blades    | 1 2 3 4 5 6 7 |  7.3
Axes           | 1 2 3 4 5 6 7 |  7.3
Maces & Flails | 1 2 3 4 5 6 7 |  7.3
Staves         | 1 2 3 4 5 6 7 |  7.3
Slings         | 1 2 3 4 5 6 7 |  7.3
Bows           | 1 2 3 4 5 6 7 |  7.3
Crossbows      | 1 2 3 4 5 6 7 |  7.3
Throwing       | 1 2 3 4 5 6 7 |  7.3
Stealth        | 1 2 3 4 5 6 7 |  7.3
Shields        | 1 2 3 4 5 6 7 |  7.3
Unarmed Combat | 1 2 3 4 5 6 7 |  7.3
Spellcasting   | 1 2 3 4 5 6 7 |  7.3
Conjurations   | 1 2 3 4 5 6 |  6.0
Hexes          | 1 2 3 4 5 6 |  6.0
Summonings     | 1 2 3 4 5 6 |  6.0
Necromancy     | 1 2 3 4 5 6 |  6.0
Translocations | 1 2 3 4 5 6 |  6.0
Transmutations | 1 2 3 4 5 6 |  6.0
Fire Magic     | 1 2 3 4 5 6 |  6.0
Ice Magic      | 1 2 3 4 5 6 |  6.0
Air Magic      | 1 2 3 4 5 6 |  6.0
Earth Magic    | 1 2 3 4 5 6 |  6.0
Poison Magic   | 1 2 3 4 5 6 |  6.0
Invocations    | 1 2 3 4 5 6 7 8 |  8.0
Evocations     | 1 2 3 4 5 6 7 |  7.3
Armour         | 5 6 7 8 |  8.7
Dodging        | 5 6 7 8 |  8.7
Fighting       | 7 8 9 |  9.9
Polearms       | 7 8 9 |  9.9

Action                   |  1- 3 |  4- 6 |  7- 9 | 10-12 || total
-------------------------+-------+-------+-------+-------++-------
Melee: Spear             |    83 |   130 |       |       ||   213
       Bite              |     5 |    19 |    47 |    69 ||   140
       Punch             |       |     4 |     3 |     8 ||    15
       Halberd           |       |    52 |   262 |       ||   314
       Trident           |       |       |   121 |   187 ||   308
       Glaive            |       |       |       |   473 ||   473
Throw: Stone             |       |     7 |    28 |    16 ||    51
       Dart              |       |       |       |    22 ||    22
Invok: Berserk           |     1 |     1 |    10 |    19 ||    31
       Trog's Hand       |       |       |     7 |    17 ||    24
Evoke: Wand              |       |       |       |    10 ||    10
  Use: Scroll            |       |       |    15 |     8 ||    23
       Potion            |       |       |     5 |     6 ||    11
 Stab: Sleeping          |     1 |       |       |       ||     1
       Distracted        |       |       |       |     1 ||     1
Armor: Animal skin       |    12 |       |       |       ||    12
       Scale mail        |     3 |    87 |    20 |       ||   110
       Chain mail        |       |       |   120 |   265 ||   385
       Plate armour      |       |       |       |   318 ||   318
Dodge: Dodged            |    37 |   111 |   151 |   501 ||   800
Block: Other             |       |       |       |    15 ||    15
